 Dungeon Crawl Stone Soup version 0.26-a0-1012-gedcf9b2963 (webtiles) character file.

Game seed: 8761531882826515317

136339 KristoblXynda the Spry (level 16, -16/88 HPs)
             Began as a Spriggan Berserker on Dec 7, 2020.
             Was the Champion of Trog.
             Blown up by an orb spider (46 damage)
             ... with an orb of destruction
             ... on level 2 of the Spider Nest.
             The game lasted 01:23:26 (39189 turns).

KristoblXynda the Spry (Spriggan Berserker)        Turns: 39189, Time: 01:23:27

Health: -16/88     AC: 21    Str: 14    XL:     16   Next: 66%
Magic:  5/5        EV: 34    Int: 11    God:    Trog [******]
Gold:   1710       SH: 14    Dex: 17    Spells: 15/15 levels left

rFire    . . .     SeeInvis +   e - +9 quick blade (antimagic)
rCold    . . .     Faith    .   C - +2 buckler {rN+}
rNeg     + . .     Spirit   .   I - +1 steam dragon scales
rPois    +         Reflect  .   (helmet restricted)
rElec    .         Harm     .   D - +2 cloak {rPois}
rCorr    .         Rampage  .   (gloves unavailable)
Will     ++...                  (boots unavailable)
Stlth    ++++++....             n - amulet of regeneration
HPRegen  0.64/turn              k - +4 ring of protection
MPRegen  0.09/turn              B - +4 ring of protection

@: berserk cooldown, slowed, quick
A: very small, unfitting armour, icy blue scales 1, large bone plates 1, see
invisible, clumsy 1, speed 3
a: Berserk, Trog's Hand, Brothers in Arms, Renounce Religion


You were on level 2 of the Spider Nest.
You worshipped Trog.
Trog was exalted by your worship.
You visited 5 branches of the dungeon, and saw 26 of its levels.
You also visited: Bailey and Ice Cave.

You collected 2727 gold pieces.
You spent 1017 gold pieces at shops.

Inventory:

Hand Weapons
 e - a +9 antimagic quick blade (weapon)
Armour
 C - a +2 buckler of positive energy (worn)
 D - a +2 cloak of poison resistance (worn)
 I - +1 steam dragon scales (worn)
Jewellery
 k - a +4 ring of protection (left hand)
 n - an amulet of regeneration (around neck)
 B - a +4 ring of protection (right hand)
Wands
 c - a wand of disintegration (21)
 y - a wand of paralysis (7)
 J - a wand of iceblast (21)
Scrolls
 b - 8 scrolls of identify
 f - 11 scrolls of remove curse
 g - 5 scrolls of fear
 h - 6 scrolls of immolation
 i - 12 scrolls of teleportation
 p - 5 scrolls of magic mapping
 r - 6 scrolls of amnesia
 A - 6 scrolls of blinking
 K - 2 scrolls of summoning
 L - 2 scrolls of fog
Potions
 a - 4 potions of lignification
 d - 12 potions of curing
 j - 5 potions of heal wounds
 l - 3 potions of magic
 o - 8 potions of cancellation
 q - 2 potions of invisibility
 s - 2 potions of might
 t - 7 potions of haste
 v - a potion of resistance
 w - 2 potions of flight
 x - a potion of mutation
 z - 2 potions of brilliance
 M - 7 potions of ambrosia
Miscellaneous
 m - a phantom mirror
 u - a condenser vane
 E - a box of beasts
 G - a lightning rod (4/4)


   Skills:
 + Level 11.4 Fighting
 - Level 17.0 Short Blades
 + Level 9.4 Armour
 + Level 19.5 Dodging
 - Level 15.1 Stealth
 + Level 7.5 Shields
 - Level 10.2 Evocations


You had 15 spell levels left.
You didn't know any spells.
Your spell library contained the following spells:

 Spells                   Type           Power        Failure   Level
 Corona                   Hex            #......      34%         1
 Magic Dart               Conj           #...         34%         1
 Sandblast                Erth           #.....       34%         1
 Ensorcelled Hibernation  Hex/Ice        #.....       47%         2
 Passwall                 Tmut/Erth      #.......     47%         2
 Searing Ray              Conj           #.....       47%         2
 Confusing Touch          Hex            #.......     71%         3
 Dazzling Flash           Conj/Hex       #.....       71%         3
 Stone Arrow              Conj/Erth      #.....       71%         3
 Tukima's Dance           Hex            #.......     71%         3
 Fulminant Prism          Conj/Hex       #.........   98%         4
 Iskenderun's Mystic Bla  Conj/Tloc      #.......     98%         4
 Petrify                  Tmut/Erth      #.......     98%         4
 Irradiate                Conj/Tmut      #.........   100%        5
 Lee's Rapid Deconstruct  Erth           #.........   100%        5
 Hydra Form               Tmut           #.........   100%        6
 Statue Form              Tmut/Erth      #........    100%        6
 Dragon Form              Tmut           #.........   100%        7


Dungeon Overview and Level Annotations

Branches:
Dungeon (15/15)            Temple (1/1) D:6            Lair (6/6) D:8
 Shoals (0/4) Lair:4       Spider (2/4) Lair:4        Slime (0/5) Lair:6
    Orc (2/2) D:11            Elf (0/3) Orc:2        Vaults (0/5) D:14
 Depths (0/5) D:15         Bailey (visited)           IceCv (visited)

Altars:
Ashenzari
Cheibriados
Dithmenos
Elyvilon
Fedhas
Gozag
Hepliaklqana
Kikubaaqudgha
Makhleb
Nemelex Xobeh
Okawaru
Qazlal
Ru
Sif Muna
Trog
Uskayaw
Vehumet
Wu Jian
Xom
Yredelemnul
Zin
The Shining One
Beogh

Shops:
D:4 }   D:5 !   D:7 (   D:10 !   D:11 [=*!   D:12 *   Orc:2 (}[*

Portals:
Hell: Lair:6

Annotations:
Lair:1 3 runed translucent doors, thewurscht's ghost, journeyman DrFi


Innate Abilities, Weirdness & Mutations

You are very small and have problems with some larger weapons.
You are too small for most types of armour.
You have supernaturally acute eyesight. (SInv)
You cover ground extremely quickly.
You are partially covered in icy blue scales. (AC +2)
You are partially covered in large bone plates. (SH +4)
You are clumsy. (Dex -2)


Message History

Evoke which item? (* to show all) (? for menu, Esc to quit)
Aiming: Paralyse
Press: ? - help, Shift-Dir - straight line, f - jumping spider
Aim: a jumping spider (heavily wounded, chance to beat Will: 72%)
The jumping spider suddenly stops moving!
The orb spider weaves a glowing orb of energy.
An orb of destruction comes into view.
Evoke which item? (* to show all) (? for menu, Esc to quit)
That's the wrong kind of item! (Use * to select it.) Evoke which item? (* to show all) (? for menu, Esc to quit)
Evoke which item? (* to show all) (? for menu, Esc to quit)
Okay, then.
Evoke which item? (* to show all) (? for menu, Esc to quit)
Aiming: Paralyse
Press: ? - help, Shift-Dir - straight line, f - orb spider, p - jumping spider
Aim: an orb spider (severely wounded, chance to beat Will: 55%)
The orb spider suddenly stops moving!
You feel much better. The orb of destruction hits you!!!
Ouch! That really hurt!
You die...

#...## ###....#..
...######...###.........
........##...#....<.....
.......$.$...#...#......
..........s##..#......
........°○.^...###)††.
#....○..s.....#.....
######..☼........##.....
#.<.^..@†...†...#####..#
.......?.........# ####
..$..............# #
##........s.....## #
#.......#.†...### #
......###....## # .....#
#....# # ..### ......# #
......##


You could see an orb spider (paralysed) and 2 jumping spiders.

Vanquished Creatures
  Jorgrun (Orc:1)
  Kirke (D:15)
  2 orc warlords
  The ghost of ANON1729 the Severer, a journeyman HOFi of Qazlal (D:15)
  A stone giant (Orc:2)
  A very ugly thing (D:15)
  A dire elephant (Lair:6)
  The ghost of thewurscht the Fighter, a journeyman DrFi of Okawaru (D:13)
  An ettin (D:15)
  An ogre mage (D:15)
  Harold (Lair:2)
  7 hydras
  Erica (D:10)
  3 boulder beetles
  The ghost of anet the Thaumaturge, a journeyman DECj of Ashenzari (D:11)
  10 two-headed ogres
  6 centaur warriors
  6 death yaks (Lair:3)
  A tengu warrior (D:15)
  A shock serpent (shapeshifter) (D:15)
  A sun demon (Lair:6)
  4 orc high priests
  Nergalle (Orc:1)
  Sonja (Orc:2)
  3 skeletal warriors (D:14)
  A shadow wraith (D:14)
  A hell knight (D:15)
  A deep troll (D:14)
  3 unseen horrors
  2 glowing orange brains (D:15)
  A wizard (Lair:6)
  5 orc knights
  A necromancer (IceCv)
  6 oklob plants
  3 orb spiders
  8 orc sorcerers
  6 cyclopes
  9 wolf spiders
  2 deep elf magi
  3 manticores
  14 ugly things
  A centaur zombie (D:14)
  17 elephants
  A moth of wrath (Spider:1)
  Maurice (Orc:1)
  2 ice statues (IceCv)
  A torpor snail (Lair:6)
  3 black mambas (Lair:6)
  11 cane toads
  A cane toad (shapeshifter) (D:14)
  5 rime drakes
  2 orange demons (Lair:6)
  5 komodo dragons
  A hellwing (Lair:6)
  A freezing wraith (D:15)
  7 ice devils
  2 efreet (D:15)
  A demonic crawler (Spider:1)
  A yaktaur (D:15)
  A red devil (Lair:6)
  A tengu conjurer (D:15)
  17 jumping spiders
  9 meliai
  A jumping spider (shapeshifter) (D:15)
  5 trolls
  Prince Ribbit (D:5)
  A queen bee (Spider:1)
  8 slime creatures
  A hornet (D:15)
  8 dream sheep (Lair:6)
  15 blink frogs
  A shadow (D:12)
  A centaur simulacrum (D:15)
  2 wyverns
  A tarantella (shapeshifter) (D:14)
  5 wraiths
  2 tarantellas (Spider:1)
  Sigmund (D:2)
  21 redbacks
  A human (D:15)
  5 hogs (D:15)
  60 yaks
  3 basilisks
  Grum (D:10)
  A human (shapeshifter) (D:15)
  4 vampire mosquitoes (D:15)
  2 steam dragons
  2 neqoxecs (D:15)
  2 wargs
  Edmund (D:5)
  11 water moccasins
  5 hell hounds (Lair:6)
  An acid dragon (D:11)
  3 black bears
  An eye of draining (D:15)
  34 orc warriors
  3 sky beasts
  An ice beast (shapeshifter) (D:15)
  A necrophage (D:13)
  21 wolves
  9 ogres
  2 phantoms
  30 centaurs
  21 bullfrogs
  A gnoll sergeant (D:7)
  5 big kobolds
  A wyvern zombie (D:8)
  A wyvern skeleton (D:10)
  A scorpion (D:9)
  21 killer bees
  12 wights
  2 howler monkeys
  7 electric eels
  4 draconian simulacra (IceCv)
  A jelly (D:5)
  24 orc priests
  8 hounds
  4 centaur skeletons
  A bullfrog skeleton (D:11)
  An iguana (D:4)
  32 orc wizards
  10 hell rats (Lair:6)
  10 worker ants
  4 troll simulacra (IceCv)
  A hound zombie (D:7)
  A hound skeleton (D:4)
  A howler monkey zombie (D:6)
  2 worker ant zombies
  Robin (D:2)
  8 adders
  15 gnolls
  2 naga simulacra (IceCv)
  14 white imps
  An ufetubus (D:5)
  An ooze (D:3)
  An adder skeleton (D:4)
  3 worms
  4 dart slugs
  5 leopard geckos
  88 orcs
  3 ball pythons
  5 giant cockroaches
  16 goblins
  21 hobgoblins
  21 jackals
  37 kobolds
  5 quokkas
  9 bats
  8 frilled lizards
  A jackal zombie (D:6)
  A quokka skeleton (D:5)
  9 rats
948 creatures vanquished.

Vanquished Creatures (collateral kills)
  A jumping spider (Spider:1)
  A redback (Spider:1)
  3 killer bees (Spider:1)
5 creatures vanquished.

Vanquished Creatures (others)
  A centaur (D:15)
  An orc wizard (D:11)
  6 orcs (D:11)
  52 fungi
  77 plants
137 creatures vanquished.

Grand Total: 1090 creatures vanquished

Notes
Turn   | Place    | Note
-------+----------+-------------------------------------------
     0 | D:1      | KristoblXynda the Spriggan Berserker began the quest for
                  | the Orb.
     0 | D:1      | Reached XP level 1. HP: 11/11 MP: 2/2
    89 | D:1      | Reached skill level 1 in Stealth
    94 | D:1      | Reached XP level 2. HP: 16/16 MP: 3/3
   776 | D:1      | Reached ** piety under Trog
   780 | D:1      | Reached XP level 3. HP: 18/19 MP: 4/4
   974 | D:1      | Reached skill level 5 in Dodging
  1628 | D:2      | Noticed Sigmund
  1641 | D:2      | Killed Sigmund
  1642 | D:2      | Reached XP level 4. HP: 24/24 MP: 5/5
  1642 | D:2      | Reached XP level 5. HP: 28/28 MP: 6/6
  1839 | D:2      | Reached skill level 6 in Dodging
  1867 | D:2      | Noticed Robin
  1874 | D:2      | Killed Robin
  1892 | D:2      | Reached *** piety under Trog
  2175 | D:2      | Reached XP level 6. HP: 32/32 MP: 7/7
  3312 | D:4      | Reached skill level 5 in Short Blades
  3312 | D:4      | Reached skill level 5 in Stealth
  3548 | D:4      | Found Tytrum's Gadget Boutique.
  3642 | D:4      | Reached **** piety under Trog
  3810 | D:5      | Entered Level 5 of the Dungeon
  3856 | D:5      | Reached XP level 7. HP: 35/37 MP: 8/8
  3870 | D:5      | Noticed Edmund
  3877 | D:5      | Killed Edmund
  3878 | D:5      | Reached skill level 7 in Dodging
  4407 | D:5      | Noticed Prince Ribbit
  5149 | D:5      | Killed Prince Ribbit
  5150 | D:5      | Reached skill level 8 in Dodging
  5150 | D:5      | Reached XP level 8. HP: 28/42 MP: 9/9
  5464 | D:5      | Found Seexzuih's Distillery.
  5473 | D:5      | Bought a potion of degeneration for 14 gold pieces
  6498 | D:6      | Reached skill level 5 in Fighting
  7237 | D:6      | Reached skill level 9 in Dodging
  7260 | D:6      | Found a staircase to the Ecumenical Temple.
  7301 | Temple   | Entered the Ecumenical Temple
  7989 | D:7      | Reached XP level 9. HP: 43/47 MP: 10/10
  8707 | D:7      | Found Boidis's Antique Weapon Emporium.
  8790 | D:7      | Reached ***** piety under Trog
  9376 | D:8      | Noticed a two-headed ogre
  9383 | D:8      | Killed a two-headed ogre
  9384 | D:8      | Reached skill level 10 in Dodging
  9384 | D:8      | Reached skill level 10 in Stealth
  9782 | D:8      | Reached skill level 11 in Dodging
  9881 | D:8      | Found a staircase to the Lair.
  9894 | D:8      | Reached XP level 10. HP: 53/53 MP: 11/11
  9924 | D:8      | You fall into a shaft and drop 3 floors!
  9924 | D:11     | Found Qunihivo's Assorted Antiques.
  9925 | D:11     | Noticed a green ugly thing
  9929 | D:11     | Killed a green ugly thing
  9939 | D:11     | Noticed a brown ugly thing
  9958 | D:11     | Killed a brown ugly thing
 10126 | D:11     | Noticed a green ugly thing
 10141 | D:11     | Killed a green ugly thing
 10355 | D:11     | Received a gift from Trog
 10544 | D:11     | Noticed a manticore
 10547 | D:11     | Noticed a purple ugly thing
 10624 | D:11     | Found a runed translucent door.
 10627 | D:11     | Found Yguixkiuwn's Distillery.
 10627 | D:11     | Noticed anet's ghost (journeyman DECj)
 10631 | D:11     | Bought a potion of invisibility for 104 gold pieces
 10668 | D:11     | Killed a purple ugly thing
 10669 | D:11     | Reached skill level 12 in Dodging
 10669 | D:11     | Reached skill level 1 in Evocations
 10740 | D:11     | Killed a manticore
 10835 | D:11     | Found Pats's Jewellery Shoppe.
 10841 | D:11     | Noticed a two-headed ogre
 10878 | D:11     | Killed a two-headed ogre
 10887 | D:11     | Found a stormy altar of Qazlal.
 10991 | D:11     | Reached XP level 11. HP: 58/58 MP: 12/12
 11045 | D:11     | Noticed a green ugly thing
 11047 | D:11     | Killed a green ugly thing
 11250 | D:11     | Found a staircase to the Orcish Mines.
 11469 | D:11     | Reached skill level 10 in Short Blades
 11512 | D:11     | Noticed a two-headed ogre
 11554 | D:11     | Killed a two-headed ogre
 11745 | D:11     | Found Noumm's Armour Shop.
 11947 | D:12     | Found Robasius's Mayhem Merchandise.
 11964 | D:12     | Bought a wand of iceblast (10) for 182 gold pieces
 11988 | D:10     | Entered Level 10 of the Dungeon
 12064 | D:10     | Found Mupaoss's Distillery.
 12096 | D:10     | Noticed Grum
 12097 | D:10     | Found a flagged portal.
 12107 | D:10     | Killed Grum
 12111 | Bailey   | Entered a bailey
 12117 | Bailey   | Noticed an orc warlord
 12280 | Bailey   | Found a runed translucent gate.
 12281 | Bailey   | Found a runed translucent gate.
 12284 | Bailey   | Found a runed translucent gate.
 12393 | Bailey   | Killed an orc warlord
 12394 | Bailey   | Reached skill level 1 in Armour
 12394 | Bailey   | Reached skill level 13 in Dodging
 12394 | Bailey   | Reached skill level 5 in Evocations
 12473 | Bailey   | Identified 2 scrolls of acquirement
 12473 | Bailey   | Acquired a manual of Short Blades
 12477 | Bailey   | Acquired the +4 storm dragon scales of Abrogit {rElec rPois
                  | rF+ rC+ Regen+}
 12668 | D:10     | Noticed a two-headed ogre
 12680 | D:10     | Killed a two-headed ogre
 13081 | D:10     | Noticed Erica
 13094 | D:10     | Killed Erica
 13673 | D:9      | Noticed a two-headed ogre
 13689 | D:9      | Killed a two-headed ogre
 14093 | D:9      | Noticed an unseen horror
 14100 | D:9      | Killed an unseen horror
 14145 | D:9      | Reached XP level 12. HP: 63/65 MP: 13/13
 14167 | D:9      | Noticed a two-headed ogre
 14170 | D:9      | Killed a two-headed ogre
 14269 | D:8      | Found a sparkling altar of Nemelex Xobeh.
 15307 | Lair:1   | Entered Level 1 of the Lair of Beasts
 15308 | Lair:1   | Noticed a five-headed hydra
 15319 | Lair:1   | Killed a five-headed hydra
 15681 | D:12     | Noticed a seven-headed hydra
 15693 | D:12     | Killed a seven-headed hydra
 16716 | D:13     | Received a gift from Trog
 17136 | D:13     | Reached skill level 14 in Dodging
 17179 | D:13     | Noticed a two-headed ogre
 17265 | D:13     | Killed a two-headed ogre
 17821 | D:13     | Found a blossoming altar of Fedhas.
 18318 | D:13     | Found a runed translucent gate.
 18319 | D:13     | Found a runed translucent gate.
 18319 | D:13     | Found a runed translucent gate.
 18326 | D:13     | Identified the +1 great sword of Discord {flame, Str+5
                  | Int+3}
 18326 | D:13     | Identified the +0 plate armour "Sytees" {rC+ Stlth+}
 18359 | D:13     | Noticed a centaur warrior
 18401 | D:13     | Killed a centaur warrior
 18565 | D:13     | Noticed thewurscht's ghost (journeyman DrFi)
 18570 | D:13     | Found a roughly hewn altar of Beogh.
 18607 | D:13     | Reached XP level 13. HP: 70/70 MP: 14/14
 18820 | D:13     | Killed thewurscht's ghost
 18837 | D:13     | Reached ****** piety under Trog
 19396 | D:14     | Got a faintly humming robe
 19857 | D:14     | Reached skill level 15 in Dodging
 20134 | D:14     | Received a gift from Trog
 20242 | D:14     | Reached skill level 10 in Evocations
 20256 | D:14     | Reached skill level 5 in Armour
 20320 | D:14     | Identified the cursed +0 robe "Xani" {rElec Str+7 Int+3}
                  | (You found it on level 14 of the Dungeon)
 20386 | D:14     | Found a gate to the Vaults.
 20593 | D:15     | Entered Level 15 of the Dungeon
 20605 | D:15     | Found a runed translucent gate.
 20605 | D:15     | Found a runed translucent gate.
 20605 | D:15     | Found a runed translucent gate.
 20900 | D:15     | Noticed Kirke
 20953 | D:15     | Noticed a sphinx
 20976 | D:15     | Noticed a sphinx
 20976 | D:15     | Killed Kirke
 20977 | D:15     | Reached skill level 10 in Fighting
 21436 | D:15     | Noticed a brown very ugly thing
 21855 | D:15     | Reached skill level 1 in Shields
 21855 | D:15     | Reached XP level 14. HP: 77/77 MP: 15/15
 21866 | D:15     | Reached skill level 15 in Stealth
 21885 | D:15     | Found a staircase to the Depths.
 22047 | D:15     | Reached skill level 16 in Dodging
 22702 | D:15     | Reached skill level 15 in Short Blades
 23611 | Lair:1   | Received a gift from Trog
 23888 | Lair:1   | Found a runed translucent gate.
 23888 | Lair:1   | Found a runed translucent gate.
 23888 | Lair:1   | Found a runed translucent gate.
 23892 | Lair:1   | Noticed thewurscht's ghost (journeyman DrFi)
 24710 | Lair:2   | Noticed Harold
 24731 | Lair:2   | Killed Harold
 24857 | Lair:2   | Found the +7 Spriggan's Knife {stab, EV+4 Stlth+}
 25947 | Lair:3   | Reached skill level 17 in Dodging
 26081 | Lair:3   | Found a sparkling altar of Nemelex Xobeh.
 27158 | Lair:3   | Reached XP level 15. HP: 80/80 MP: 16/16
 27839 | Lair:4   | Received a gift from Trog
 28417 | Lair:4   | Found a hole to the Spider Nest.
 28746 | Lair:4   | Found a staircase to the Shoals.
 29897 | Lair:6   | Entered Level 6 of the Lair of Beasts
 29938 | Lair:5   | Reached skill level 5 in Shields
 30337 | Lair:6   | Found a staircase to the Slime Pits.
 30799 | Lair:6   | Reached skill level 18 in Dodging
 31052 | Lair:6   | Found a burning altar of Makhleb.
 31062 | Lair:6   | Received a gift from Trog
 31136 | Lair:6   | Found a gateway to Hell.
 32431 | Orc:1    | Entered Level 1 of the Orcish Mines
 32484 | Orc:1    | Found a frozen archway.
 32524 | Orc:1    | Found a roughly hewn altar of Beogh.
 32529 | IceCv    | Entered an ice cave
 33029 | IceCv    | Found the +9 scales of the Dragon King {rPois rF+ rC+ WL+}
 33332 | Orc:1    | Noticed Jorgrun
 33367 | Orc:1    | Killed Jorgrun
 33516 | Orc:1    | Noticed an orc warlord
 33523 | Orc:1    | Noticed Nergalle
 33568 | Orc:1    | Killed an orc warlord
 33568 | Orc:1    | Received a gift from Trog
 33580 | Orc:1    | Killed Nergalle
 33990 | Orc:1    | Noticed Maurice
 34008 | Orc:1    | Killed Maurice
 34082 | Orc:2    | Entered Level 2 of the Orcish Mines
 34082 | Orc:2    | Noticed Sonja
 34083 | Orc:2    | Killed Sonja
 34258 | Orc:2    | Found Neakarch's Antique Weapon Shop.
 34320 | Orc:2    | Reached XP level 16. HP: 71/86 MP: 5/17
 34327 | Orc:2    | Found a staircase to the Elven Halls.
 34332 | Orc:2    | Gained mutation: You tend to lose your temper in combat. [a
                  | neqoxec]
 34500 | Orc:1    | Lost mutation: You tend to lose your temper in combat.
                  | [potion of mutation]
 34500 | Orc:1    | Gained mutation: You are frail. (-10% HP) [potion of
                  | mutation]
 34500 | Orc:1    | Gained mutation: You are very frail. (-20% HP) [potion of
                  | mutation]
 34500 | Orc:1    | Gained mutation: Your body sometimes deteriorates upon
                  | taking damage. [potion of mutation]
 34500 | Orc:1    | Gained mutation: You have sharp toenails. [potion of
                  | mutation]
 34501 | Orc:1    | Lost mutation: You are very frail. (-20% HP) [potion of
                  | mutation]
 34501 | Orc:1    | Lost mutation: You have sharp toenails. [potion of
                  | mutation]
 34501 | Orc:1    | Lost mutation: You are frail. (-10% HP) [potion of
                  | mutation]
 34501 | Orc:1    | Lost mutation: Your body sometimes deteriorates upon taking
                  | damage. [potion of mutation]
 34501 | Orc:1    | Gained mutation: You expend magic power (3 MP) to
                  | strengthen your wands. [potion of mutation]
 34501 | Orc:1    | Gained mutation: You are clumsy. (Dex -2) [potion of
                  | mutation]
 34501 | Orc:1    | Gained mutation: Your body sometimes deteriorates upon
                  | taking damage. [potion of mutation]
 34501 | Orc:1    | Gained mutation: Your flesh is heat resistant. (rF+)
                  | [potion of mutation]
 35454 | Orc:2    | Found Diqichi's Gadget Shop.
 35473 | Orc:2    | Received a gift from Trog
 35613 | Orc:2    | Found Juichay's General Store.
 35620 | Orc:2    | Bought a condenser vane for 440 gold pieces
 35620 | Orc:2    | Found Cohoemni's Armour Emporium.
 35628 | Orc:2    | Bought a +2 cloak of poison resistance for 277 gold pieces
 35986 | D:11     | Killed anet's ghost
 36357 | D:15     | Reached skill level 19 in Dodging
 36584 | D:15     | Found a runed translucent gate.
 36584 | D:15     | Found a runed translucent gate.
 36591 | D:15     | Noticed ANON1729's ghost (journeyman HOFi)
 36606 | D:15     | Found a runed translucent gate.
 36663 | D:15     | Killed ANON1729's ghost
 36862 | D:15     | Gained mutation: You are very clumsy. (Dex -4) [mutagenic
                  | glow]
 36904 | D:15     | Gained mutation: Your spells are a little easier to cast,
                  | but a little less powerful. [mutagenic glow]
 37225 | Lair:1   | Lost mutation: You expend magic power (3 MP) to strengthen
                  | your wands. [potion of mutation]
 37225 | Lair:1   | Lost mutation: You are very clumsy. (Dex -4) [potion of
                  | mutation]
 37225 | Lair:1   | Gained mutation: You possess an exceptional clarity of
                  | mind. [potion of mutation]
 37226 | Lair:1   | Lost mutation: Your spells are a little easier to cast, but
                  | a little less powerful. [potion of mutation]
 37226 | Lair:1   | Lost mutation: Your flesh is heat resistant. (rF+) [potion
                  | of mutation]
 37226 | Lair:1   | Lost mutation: You possess an exceptional clarity of mind.
                  | [potion of mutation]
 37226 | Lair:1   | Gained mutation: You are very clumsy. (Dex -4) [potion of
                  | mutation]
 37226 | Lair:1   | Gained mutation: You can translocate small distances at
                  | will. [potion of mutation]
 37227 | Lair:1   | Lost mutation: You can translocate small distances at will.
                  | [potion of mutation]
 37227 | Lair:1   | Lost mutation: You are very clumsy. (Dex -4) [potion of
                  | mutation]
 37227 | Lair:1   | Gained mutation: You are very clumsy. (Dex -4) [potion of
                  | mutation]
 37227 | Lair:1   | Gained mutation: Your flesh is cold resistant. (rC+)
                  | [potion of mutation]
 37228 | Lair:1   | Lost mutation: Your flesh is cold resistant. (rC+) [potion
                  | of mutation]
 37228 | Lair:1   | Lost mutation: Your body sometimes deteriorates upon taking
                  | damage. [potion of mutation]
 37228 | Lair:1   | Lost mutation: You are very clumsy. (Dex -4) [potion of
                  | mutation]
 37228 | Lair:1   | Gained mutation: You are partially covered in icy blue
                  | scales. (AC +2) [potion of mutation]
 37228 | Lair:1   | Gained mutation: You are partially covered in large bone
                  | plates. (SH +4) [potion of mutation]
 37362 | Spider:1 | Entered Level 1 of the Spider Nest
 38042 | Spider:1 | Received a gift from Trog
 39189 | Spider:2 | Blown up by an orb spider

Illustrated notes

Levels and vault maps discovered:
D:1:      dpeg_arrival_brainrot, layout_basic, minmay_pentomino_x4
D:2:      layout_loops_ring, uniq_robin, uniq_sigmund
D:3:      layout_loops_ring
D:4:      layout_basic, serial_shops, shop, st_stairs_13
D:5:      layout_basic, serial_shops, shop, uniq_edmund, uniq_prince_ribbit1
D:6:      layout_basic, minmay_temple_entry_arrows
D:7:      layout_cave_pools, serial_shops, nicolae_shop_crystal, minivault_4,
          glass_columns_b, grunt_ministairs_4
D:8:      layout_basic, nemelex_altar_shiori, due_lair_maze_entry_diamond,
          centaur_isle
D:9:      layout_roguey
D:10:     layout_stronghold, enter_bailey_6, serial_shops, kennysheep_mini,
          uniq_erica, uniq_grum
D:11:     layout_roguey, hiddenorc1_lemuel, serial_shops, shop, shop, shop,
          nicolae_shop_competitors_out_of_business,
          hellmonk_ghost_happy_afterlife, st_stairs_6, grunt_qazlal_clouds
D:12:     layout_loops_ring, minmay_shop_mayhem, kennysheep_generic_room_9
D:13:     layout_rooms, biasface_ghost_orc_armoury, hangedman_tree_tricks,
          kennysheep_path_1, serial_bayou_pond_a
D:14:     layout_loops_ring, david_vaults_4, hangedman_decor_growths
D:15:     hangedman_depths_entry_civil_slaughter, layout_gridville,
          ploomutoo_gammafunk_ghost_potion_laboratory, evilmike_minifort,
          uniq_kirke
Temple:   regret_index_temple_sigil_plot
Lair:1:   layout_hall_layers, gammafunk_ghost_hydra_chop, lemuel_fruit_fields,
          lemuel_fruit_tree, serial_bayou_shore_b
Lair:2:   layout_gridlike, grunt_megastairs_1, uniq_harold
Lair:3:   layout_layer_cave, basic_altar
Lair:4:   layout_regular_city, shoals_dummy_entry, spider_nest_entry_funnel_web,
          serial_bayou, serial_bayou_lagoon_b, serial_bayou_lake_a,
          serial_bayou_crossing, serial_bayou_pond_b,
          chequers_serial_rivers_small_b, beast_lair_carwin_8
Lair:5:   layout_cave_pods, infiniplex_staircase_pool
Lair:6:   evil_forest, layout_regular_city, slime_dummy, grunt_megastairs_3,
          minmay_lair_oklob_chamber
Spider:1: layout_spider_delve, special_room [special_room_bee]
Spider:2: layout_spider_delve, ebering_ghost_reflecting_pool
Orc:1:    layout_diamond_mine, portal_ice_cave_entry_imps, basic_altar,
          uniq_jorgrun, uniq_maurice, uniq_nergalle
Orc:2:    st_orc_elflike, layout_caves, uniq_sonja

Skill      XL: |  1  2  3  4  5  6  7  8  9 10 11 12 13 14 15 16 |
---------------+-------------------------------------------------+-----
Stealth        | 1 2 3 4 5 7 8 10 12 13 14 15 | 15.1
Dodging        | 5 6 8 9 11 12 13 14 15 17 18 19 | 19.5
Fighting       | 3 4 5 6 7 8 9 10 11 | 11.4
Short Blades   | 4 5 6 7 8 9 11 12 14 16 17 | 17.0
Evocations     | 3 6 8 10 | 10.2
Armour         | 2 4 5 7 8 9 |  9.4
Shields        | 1 4 6 7 |  7.5

Action                   |  1- 3 |  4- 6 |  7- 9 | 10-12 | 13-15 | 16-18 || total
-------------------------+-------+-------+-------+-------+-------+-------++-------
Melee: Short sword       |   124 |   149 |       |   270 |   865 |       ||  1408
       Dagger            |       |   109 |   554 |   793 |       |       ||  1456
       Scimitar          |       |       |    68 |    15 |       |       ||    83
       Knife             |       |       |       |       |   636 |       ||   636
       Quick blade       |       |       |       |       |  1202 |   906 ||  2108
Invok: Berserk           |     2 |     2 |    18 |    27 |    25 |    11 ||    85
       Trog's Hand       |       |       |     2 |       |     1 |       ||     3
       Brothers in Arms  |       |       |       |       |     1 |     1 ||     2
Evoke: Lightning rod     |       |       |       |     4 |     4 |       ||     8
       Wand              |       |       |       |     6 |    26 |     9 ||    41
       Condenser vane    |       |       |       |       |       |     1 ||     1
  Use: Scroll            |       |     4 |    12 |    16 |    19 |     1 ||    52
       Potion            |       |       |     1 |     4 |     1 |     8 ||    14
 Stab: Sleeping          |     9 |    19 |     6 |    26 |    53 |     3 ||   116
       Distracted        |       |       |       |     7 |     1 |     1 ||     9
       Invisible         |       |       |       |     4 |       |       ||     4
       Paralysed         |       |       |       |     1 |     7 |     2 ||    10
Armor: Animal skin       |     9 |    21 |    47 |     3 |       |       ||    80
       Steam dragon scal |       |       |       |    66 |   152 |    56 ||   274
       Skin              |       |       |       |       |    17 |       ||    17
Dodge: Dodged            |   106 |   185 |   519 |   678 |  1653 |   412 ||  3553
Block: Buckler           |       |       |       |       |   484 |   286 ||   770
       Rpst.: Scimitar   |       |       |    17 |     7 |       |       ||    24

Table legend: (Time is in decaauts)
 A = Elapsed time spent in this place.
 B = Non-inter-level travel time spent in this place.
 C = Inter-level travel time spent in this place.
 D = Time resting spent in this place.
 E = Time spent auto-exploring this place.
 F = Levels seen in this place.
 G = Mean time per level.
                   A        B        C        D        E       F      G
               +--------+--------+--------+--------+--------+-----+--------+
         Total |  29811 |  28760 |   1051 |  13608 |   8517 |  28 | 1064.7 |
       Dungeon |  19515 |  18827 |    688 |   9985 |   4946 |  15 | 1301.0 |
        Temple |    246 |    231 |     15 |      0 |    229 |   1 |  246.0 |
          Lair |   6167 |   5884 |    283 |   1890 |   2419 |   6 | 1027.8 |
   Spider Nest |   1128 |   1112 |     16 |    327 |    473 |   2 |  564.0 |
  Orcish Mines |   1762 |   1714 |     48 |    836 |    449 |   2 |  881.0 |
        Bailey |    334 |    334 |      0 |    168 |      0 |   1 |  334.0 |
      Ice Cave |    657 |    657 |      0 |    399 |      0 |   1 |  657.0 |
               +--------+--------+--------+--------+--------+-----+--------+

Top non-repeatable levels by time:
    D:15: 3007 daAuts
     D:5: 2140 daAuts
    D:11: 2101 daAuts
    D:13: 2080 daAuts
  Lair:3: 1617 daAuts
  Lair:6: 1410 daAuts
     D:8: 1393 daAuts
     D:6: 1263 daAuts
    D:14: 1157 daAuts
     D:1: 1155 daAuts
     D:7: 1072 daAuts
    D:12: 1040 daAuts
    D:10: 974 daAuts
   Orc:2: 964 daAuts
Spider:1: 932 daAuts
